 Dungeon Crawl Stone Soup version 0.18-a0 (webtiles) character file.

128013 Gargoyl the Cleaver (level 16, -2/131 HPs)
             Began as a Demonspawn Abyssal Knight on Oct 30, 2015.
             Was the Champion of Lugonu.
             Slain by a mana viper (12 damage)
             ... on level 3 of the Snake Pit.
             The game lasted 01:13:08 (31895 turns).

Gargoyl the Cleaver (Demonspawn Abyssal Knight)    Turns: 31895, Time: 01:13:10

Health: -2/131     AC: 35    Str: 16    XL:     16   Next: 47%
Magic:  18/18      EV:  6    Int: 14    God:    Lugonu [******]
Gold:   490        SH: 13    Dex: 13    Spells: 0 memorised, 15 levels left

rFire  . . .     SeeInvis .     F - +2 hand axe (freeze)
rCold  + . .     Clarity  .     P - +2 crystal plate armour
rNeg   . . .     SustAt   .     z - +0 shield
rPois  +         Gourm    .     (helmet restricted)
rElec  +         Spirit   .     e - +0 cloak of Leylulurr {rElec rPois Str-2 Slay+2}
rCorr  .         Warding  .     y - +2 pair of gloves
rMut   .         Stasis   .     n - +0 pair of boots of Rotation {rC+}
MR     +....                    B - amulet of rage
Stlth  ..........               J - +2 ring of slaying
                                C - +2 ring of evasion

@: lethally poisoned (-2 -> -3), exhausted, very slightly contaminated, slowed,
very slow, somewhat resistant to hostile enchantments, extremely unstealthy
A: horns 2, rough black scales 1, powered by pain 2, spiny 3
a: Depart the Abyss, Bend Space, Banish, Corrupt, Enter the Abyss, Brand Weapon
With Distortion, Renounce Religion, Evoke Berserk Rage


You were on level 3 of the Snake Pit.
You worshipped Lugonu.
Lugonu was exalted by your worship.
You were not hungry.

You visited 3 branches of the dungeon, and saw 23 of its levels.
You visited the Abyss 1 time.
You also visited: Ice Cave.

You collected 2316 gold pieces.
You spent 1826 gold pieces at shops.

Inventory:

Hand Weapons
 r - the +8 mace "Giantslayer" {flame, rElec Str+2 Int-5 SInv}
   (You found it on level 8 of the Lair of Beasts)

   It has been specially enchanted to burn those struck by it, causing extra
   injury to most foes and up to half again as much damage against particularly
   susceptible opponents.
   It affects your strength (+2).
   It affects your intelligence (-5).
   It insulates you from electricity.
   It lets you see invisible.
 F - a +2 hand axe of freezing (weapon)
 O - a +1 broad axe
Missiles
 u - 9 tomahawks (quivered)
Armour
 e - the +0 cloak of Leylulurr (worn) {rElec rPois Str-2 Slay+2}
   (You found it on level 2 of the Abyss)

   It affects your strength (-2).
   It affects your accuracy and damage with ranged weapons and melee attacks
   (+2).
   It insulates you from electricity.
   It protects you from poison.
 n - the +0 pair of boots of Rotation (worn) {rC+}
   (You found it on level 7 of the Dungeon)

   It protects you from cold.
 y - a +2 pair of gloves (worn)
 z - a +0 shield (worn)
 P - a +2 crystal plate armour (worn)
Jewellery
 f - an uncursed ring of protection from cold
 h - an uncursed ring of protection from cold
 k - an uncursed ring of positive energy
 p - an uncursed ring of protection from cold
 s - an uncursed ring of poison resistance
 B - an amulet of rage (around neck)
 C - a +2 ring of evasion (left hand)
 D - an uncursed amulet of clarity
 E - an uncursed ring of protection from fire
 H - the ring "Korgh" {-Tele rF+ Int+4 SInv Stlth-}
   (You found it in an ice cave)

   [ring of loudness]

   It affects your intelligence (+4).
   It protects you from fire.
   It lets you see invisible.
   It prevents most forms of teleportation.
   It makes you less stealthy.
 I - an uncursed ring of flight
 J - a +2 ring of slaying (right hand)
 L - an uncursed ring of protection from cold
Wands
 i - a wand of fire (5)
 m - a wand of digging (7)
 w - a wand of magic darts (26)
 N - a wand of slowing (18)
 Q - a wand of fireball (9)
 R - a wand of random effects (22)
Scrolls
 b - 3 scrolls of fear
 j - 7 scrolls of magic mapping
 o - 2 scrolls of identify
 q - a scroll of teleportation
 t - 5 scrolls of remove curse
 x - 7 scrolls of fog
 A - 2 scrolls of enchant weapon
Potions
 c - a potion of might {unknown}
 v - 2 potions of brilliance
 G - a potion of invisibility
 M - a potion of flight
 S - 3 potions of curing
 T - a potion of cure mutation
Books
 a - a book of Enchantments

   Spells                             Type                      Level
   a - Cause Fear                     Hexes                        4
   b - Silence                        Hexes/Air                    5
   c - Deflect Missiles               Charms/Air                   6
   d - Haste                          Charms                       6
   e - Discord                        Hexes                        8
Comestibles
 d - 8 meat rations


   Skills:
 + Level 13.5 Fighting
 + Level 14.1(14.2) Axes
 + Level 1.0(9.5) Maces & Flails
 + Level 1.9 Throwing
 + Level 13.9 Armour
 + Level 4.7 Dodging
 + Level 1.7 Stealth
 + Level 13.3 Shields
 + Level 3.5 Invocations
 + Level 1.1 Evocations


You had 15 spell levels left.
You didn't know any spells.

Dungeon Overview and Level Annotations

Branches:
Dungeon (11/15)            Temple (0/1) D:5            Lair (8/8) D:11
 Shoals (0/4) Lair:5        Snake (4/4) Lair:3        Slime (0/6) Lair:7
    Orc: D:9-12

Altars:
Dithmenos
Elyvilon
Fedhas
Makhleb
Okawaru
Sif Muna
Trog
Vehumet
Jiyva

Shops:
D:7 *   Snake:3 !}(!:

Annotations:
Lair:7 exclusion: ice statue


Innate Abilities, Weirdness & Mutations

You have a pair of horns on your head.
You are partially covered in rough black scales (AC +4, Dex -1).
You sometimes gain power by taking damage.
You are completely covered in sharp spines.


Message History

The salamander mystic hits you with a quarterstaff.
* * * LOW HITPOINT WARNING * * *
You are engulfed in flames!
* * * LOW HITPOINT WARNING * * *
You focus on the pain.
You feel your power returning.
You're too exhausted to go berserk.
Okay, then.
Okay, then.
Drink which item? (? for menu, Esc to quit)
Okay, then.
Read which item? (? for menu, Esc to quit)
Blink to where?
Press: ? - help, Dir - move target cursor You are very lightly contaminated with residual magic.
As you read the scroll of blinking, it crumbles to dust.
You feel sick.
The naga mage points at you and mumbles some strange words.
The salamander mystic resists with almost no effort.
The mana viper bites you!
You die...

≈.≈♣♣..##...........#...###......
≈.≈♣≈..##......#.####...# ####8..
≈.≈♣P..#....#......##...# ###....
≈.P≈≈≈##...#.(##....##### #.....#
P.P≈≈≈##...#).####.....####...#.#
≈.≈≈≈≈...>..[.#######....##...#.#
≈.≈≈≈≈.....#.............####.#.#
≈.≈≈≈≈....#...########........#.#
≈.≈≈≈....[##....@.......##...##.#
♣.≈≈....[.)....SN...#............
...######))....NN..............).
...............§....##......###..
...#####............##.#...## ###
...#####.###........#..#...#
####...#.# #.....##...###### ##
#.....# #........### .###....##
#.......)#


You could see 2 salamander mystics, a mana viper and a naga mage.

Vanquished Creatures
  The ghost of Arkorax the Skullcrusher, an adept OgBe of Trog (Snake:3)
  The ghost of vible the Severer, an adept HOGl of Makhleb (Snake:3)
  3 greater nagas
  Josephine (Lair:7)
  A hydra (Lair:3)
  8 naga warriors
  2 ice dragons
  9 anacondas
  The ghost of Oper80 the Slicer, a journeyman HEFi of Trog (Lair:1)
  Erica (Lair:2)
  15 death yaks
  11 naga sharpshooters
  2 shock serpents (Snake:4)
  A fire crab (Lair:5)
  4 salamander mystics
  7 sea snakes (Snake:3)
  3 naga ritualists (Snake:1)
  Pikel (D:5)
  A hill giant (D:8)
  The ghost of Geomchi the Cleaver, a novice DsGl (D:7)
  8 mana vipers
  4 griffons
  9 salamanders
  28 elephants
  Joseph (D:9)
  2 ice statues (IceCv)
  4 guardian serpents
  12 naga magi
  6 torpor snails (Lair:8)
  24 black mambas
  15 spiny frogs
  6 komodo dragons
  3 fire drakes
  2 trolls
  A polar bear (Lair:7)
  2 giant leeches (Lair:8)
  A queen bee (Lair:5)
  Prince Ribbit (D:6)
  35 blink frogs
  A trapdoor spider zombie (D:9)
  A two-headed ogre (D:9)
  Sigmund (D:5)
  5 wraiths (Lair:7)
  41 yaks
  A basilisk (Lair:5)
  A wyvern (D:7)
  16 wolves
  2 hungry ghosts
  5 hippogriffs
  Menkaure (D:6)
  19 water moccasins
  19 porcupines
  34 nagas
  A black bear (Lair:4)
  3 sky beasts
  2 slaves (D:5)
  A phantom (D:4)
  34 ice beasts
  An orc warrior (D:7)
  A necrophage (D:11)
  3 wasps (Lair:8)
  The ghost of Geomchi the Chopper, an amateur DsGl (D:3)
  7 centaurs
  2 ogres (D:6)
  25 crocodiles
  4 brain worms (Lair:8)
  25 giant frogs
  4 big kobolds
  A water moccasin skeleton (D:8)
  3 vampire bats (Lair:8)
  4 wights (D:9)
  25 killer bees (Lair:5)
  4 crimson imps
  8 electric eels
  A centaur zombie (D:10)
  3 giant frog skeletons
  3 orc wizards
  5 orc priests
  10 hounds
  13 worker ants
  11 iguanas
  17 sheep
  4 gnolls (D:7)
  47 river rats
  5 adders
  A shadow imp (D:8)
  A white imp (Lair:7)
  3 oozes
  An adder skeleton (D:6)
  An adder zombie (D:7)
  20 worms
  3 giant geckos
  26 orcs
  3 ball pythons
  15 bats
  5 giant cockroaches
  8 goblins
  8 hobgoblins
  9 jackals
  5 quokkas
  7 giant newts
  A jackal skeleton (D:5)
  20 kobolds
  4 quokka skeletons
  11 rats
  4 fungi
  4 plants
823 creatures vanquished.

Vanquished Creatures (others)
  An ice dragon (IceCv)
  A lindwurm (Lair:8)
  A slave (D:6)
  A centaur skeleton (D:6)
  A giant gecko (D:6)
  3 orcs (D:6)
  A giant newt (D:6)
  24 fungi
  53 plants
86 creatures vanquished.

Grand Total: 909 creatures vanquished

Notes
Turn   | Place    | Note
--------------------------------------------------------------
     0 | Abyss:1  | Gargoyl the Demonspawn Abyssal Knight began the quest for the Orb.
     0 | Abyss:1  | Reached XP level 1. HP: 18/18 MP: 2/2
     7 | Abyss:1  | Noticed a large abomination
    41 | Abyss:1  | Noticed a quasit
    47 | Abyss:2  | Found a corrupted altar of Lugonu.
    84 | Abyss:2  | Got a scorched cloak
    90 | Abyss:2  | Identified the cursed +0 cloak of Leylulurr {rElec rPois Str-2 Slay+2} (You found it on level 2 of the Abyss)
    99 | Abyss:2  | Noticed a crystal guardian
    99 | D:1      | Escaped the Abyss
   270 | D:1      | Reached * piety under Lugonu
   297 | D:1      | Gained mutation: You are partially covered in rough black scales (AC +4, Dex -1). [demonic ancestry]
   297 | D:1      | Reached XP level 2. HP: 21/24 MP: 4/4
   483 | D:1      | Reached skill level 1 in Dodging
   895 | D:2      | Reached XP level 3. HP: 25/29 MP: 5/5
  1197 | D:2      | Gained mutation: You sometimes gain a little power by taking damage. [demonic ancestry]
  1197 | D:2      | Reached XP level 4. HP: 35/37 MP: 6/6
  1221 | D:2      | Reached ** piety under Lugonu
  1662 | D:3      | Noticed Geomchi's ghost (amateur DsGl)
  1879 | D:4      | Noticed a phantom
  2024 | D:4      | Killed a phantom
  2024 | D:4      | Gained mutation: You have a pair of small horns on your head. [demonic ancestry]
  2024 | D:4      | Reached XP level 5. HP: 13/42 MP: 7/7
  2295 | D:4      | Reached skill level 4 in Fighting
  2415 | D:4      | Reached XP level 6. HP: 37/48 MP: 8/8
  3228 | D:5      | Entered Level 5 of the Dungeon
  3240 | D:5      | Reached XP level 7. HP: 25/55 MP: 9/9
  3402 | D:5      | Found a staircase to the Ecumenical Temple.
  3615 | D:5      | Found a shadowy altar of Dithmenos.
  3793 | D:5      | Found an iron altar of Okawaru.
  3793 | D:5      | Found a radiant altar of Vehumet.
  3990 | D:5      | Noticed Sigmund
  4004 | D:5      | Killed Sigmund
  4004 | D:5      | Reached skill level 5 in Fighting
  4004 | D:5      | Reached skill level 1 in Shields
  4263 | D:6      | Noticed Menkaure
  4297 | D:6      | Noticed Pikel
  4465 | D:5      | Killed Pikel
  4465 | D:5      | Reached *** piety under Lugonu
  4465 | D:5      | Reached skill level 5 in Armour
  4465 | D:5      | Gained mutation: You are partially covered in sharp spines. [demonic ancestry]
  4465 | D:5      | Reached XP level 8. HP: 30/64 MP: 10/10
  4640 | D:6      | Killed Menkaure
  4943 | D:6      | Noticed Prince Ribbit
  4955 | D:6      | Reached skill level 6 in Fighting
  5095 | D:6      | Killed Prince Ribbit
  5095 | D:6      | Reached skill level 5 in Axes
  5390 | D:6      | Found a burning altar of Makhleb.
  5433 | D:6      | Gained mutation: You are mostly covered in sharp spines. [demonic ancestry]
  5433 | D:6      | Reached XP level 9. HP: 69/69 MP: 11/11
  5971 | D:3      | Reached skill level 1 in Stealth
  6061 | D:3      | Found a deep blue altar of Sif Muna.
  6172 | D:3      | Killed Geomchi's ghost
  6451 | D:7      | Noticed Geomchi's ghost (novice DsGl)
  6482 | D:7      | Killed Geomchi's ghost
  6482 | D:7      | Reached skill level 1 in Throwing
  6482 | D:7      | Reached skill level 7 in Armour
  6829 | D:7      | Got a pair of dazzling boots
  6835 | D:7      | Identified the +0 pair of boots of Rotation {rC+} (You found it on level 7 of the Dungeon)
  7139 | D:7      | Reached **** piety under Lugonu
  7177 | D:7      | Noticed a moth of wrath
  7181 | D:7      | Found a bloodstained altar of Trog.
  7322 | D:7      | Found Ohamoarch's Assorted Antiques.
  7328 | D:7      | Bought a pair of glowing gloves for 117 gold pieces
  7328 | D:7      | Bought a shield for 117 gold pieces
  7378 | D:7      | Found a white marble altar of Elyvilon.
  7550 | D:7      | Bought a runed bone ring for 130 gold pieces
  7711 | D:8      | Reached skill level 8 in Armour
  7967 | D:8      | Noticed a hill giant
  7982 | D:8      | Killed a hill giant
  7982 | D:8      | Gained mutation: You are completely covered in sharp spines. [demonic ancestry]
  7982 | D:8      | Reached XP level 10. HP: 47/79 MP: 12/12
  8336 | D:8      | Reached ***** piety under Lugonu
  8839 | D:9      | Noticed Joseph
  8855 | D:9      | Killed Joseph
  9272 | D:9      | Reached skill level 5 in Shields
  9343 | D:9      | Found a blossoming altar of Fedhas.
  9542 | D:10     | Entered Level 10 of the Dungeon
 10046 | D:10     | Reached XP level 11. HP: 66/86 MP: 13/13
 10452 | D:11     | Found a staircase to the Lair.
 10462 | D:11     | Reached skill level 9 in Armour
 10537 | Lair:1   | Entered Level 1 of the Lair of Beasts
 10724 | Lair:1   | Noticed Oper80's ghost (journeyman HEFi)
 11350 | Lair:1   | Reached ****** piety under Lugonu
 11874 | Lair:1   | Killed Oper80's ghost
 12461 | Lair:2   | Noticed Erica
 12471 | Lair:2   | Killed Erica
 12505 | Lair:2   | Reached XP level 12. HP: 95/95 MP: 14/14
 13567 | Lair:3   | Identified a scroll of acquirement
 13881 | Lair:3   | Found a staircase to the Snake Pit.
 13961 | Lair:3   | Noticed an eight-headed hydra
 13973 | Lair:3   | Killed an eight-headed hydra
 13973 | Lair:3   | Reached skill level 10 in Armour
 14558 | Lair:4   | Reached skill level 10 in Fighting
 14587 | Lair:4   | Reached skill level 1 in Maces & Flails
 14902 | Lair:4   | Reached skill level 10 in Axes
 15454 | Lair:5   | Found a staircase to the Shoals.
 15467 | Lair:5   | Gained mutation: You sometimes gain power by taking damage. [demonic ancestry]
 15467 | Lair:5   | Reached XP level 13. HP: 87/103 MP: 15/15
 15588 | Lair:5   | Gained mutation: You tend to lose your temper in combat. [potion of mutation]
 15588 | Lair:5   | Gained mutation: You are dopey. (Int -2) [potion of mutation]
 15588 | Lair:5   | Gained mutation: Armour fits poorly on your strangely shaped body. [potion of mutation]
 15742 | Lair:5   | Reached skill level 10 in Shields
 15756 | Lair:5   | Gained mutation: Scrolls take you a little longer to read. [potion of mutation]
 15756 | Lair:5   | Gained mutation: You are agile. (Dex +2) [potion of mutation]
 15756 | Lair:5   | Lost mutation: You are dopey. (Int -2) [potion of mutation]
 15757 | Lair:5   | Gained mutation: You are somewhat resistant to further mutation. [potion of mutation]
 17149 | Lair:6   | Reached skill level 11 in Armour
 18333 | Lair:6   | Reached XP level 14. HP: 104/113 MP: 16/16
 18923 | Lair:7   | Noticed Josephine
 18935 | Lair:7   | Killed Josephine
 19694 | Lair:7   | Found a viscous altar of Jiyva.
 19700 | Lair:7   | Found a staircase to the Slime Pits.
 20073 | Lair:8   | Entered Level 8 of the Lair of Beasts
 20198 | Lair:8   | Reached skill level 12 in Axes
 20287 | Lair:8   | Found a frozen archway.
 20319 | IceCv    | Entered an ice cave
 21344 | IceCv    | Got a brightly glowing silver ring
 21368 | IceCv    | Identified the ring "Korgh" {-Tele rF+ Int+4 SInv Stlth-} (You found it in an ice cave)
 21576 | Lair:8   | Got an encrusted mace
 21582 | Lair:8   | Identified the +8 mace "Giantslayer" {flame, rElec Str+2 Int-5 SInv} (You found it on level 8 of the Lair of Beasts)
 22350 | Lair:8   | Found a runed door.
 22380 | Lair:8   | HP: 11/258 [torpor snail (7)]
 23794 | Lair:8   | Reached XP level 15. HP: 88/122 MP: 17/17
 24108 | Snake:1  | Entered Level 1 of the Snake Pit
 25136 | Snake:1  | Reached skill level 13 in Axes
 25750 | Snake:1  | HP: 2/122 [naga sharpshooter/arrow (5)]
 25755 | Snake:1  | HP: 2/183 [poisoned by a black mamba]
 25760 | Snake:1  | HP: 3/183 [poisoned by a black mamba]
 27756 | Snake:2  | Noticed a greater naga
 27776 | Snake:2  | Killed a greater naga
 28725 | Snake:3  | Found Lerch's Distillery.
 28729 | Snake:3  | Noticed a greater naga
 28751 | Snake:3  | Killed a greater naga
 28751 | Snake:3  | Gained mutation: You have a pair of horns on your head. [demonic ancestry]
 28751 | Snake:3  | Reached XP level 16. HP: 88/131 MP: 18/18
 28754 | Snake:3  | Noticed Arkorax's ghost (adept OgBe)
 28995 | Snake:3  | Bought 2 potions of cure mutation for 1190 gold pieces
 28995 | Snake:3  | Bought a potion of heal wounds for 85 gold pieces
 28995 | Snake:3  | Bought a potion of heal wounds for 85 gold pieces
 28995 | Snake:3  | Bought 2 potions of curing for 102 gold pieces
 28997 | Snake:3  | Lost mutation: Scrolls take you a little longer to read. [potion of cure mutation]
 28997 | Snake:3  | Lost mutation: You tend to lose your temper in combat. [potion of cure mutation]
 28997 | Snake:3  | Lost mutation: Armour fits poorly on your strangely shaped body. [potion of cure mutation]
 28997 | Snake:3  | Lost mutation: You are somewhat resistant to further mutation. [potion of cure mutation]
 28997 | Snake:3  | Lost mutation: You are agile. (Dex +2) [potion of cure mutation]
 29005 | Snake:3  | Found Resoxab's Gadget Boutique.
 29140 | Snake:3  | Found Yce Xiag's Antique Weapon Emporium.
 29204 | Snake:3  | HP: 2/131 [Arkorax's ghost (31)]
 29666 | Snake:3  | Found Hiuduuh's Distillery.
 29699 | Snake:3  | Noticed vible's ghost (adept HOGl)
 29722 | Snake:3  | Killed vible's ghost
 29765 | Snake:3  | Found Raggaibb's Book Shoppe.
 29890 | Snake:3  | Killed Arkorax's ghost
 30183 | Snake:3  | Noticed a greater naga
 30199 | Snake:3  | Killed a greater naga
 30711 | Snake:3  | Reached skill level 14 in Axes
 31240 | Snake:4  | Entered Level 4 of the Snake Pit
 31869 | Snake:4  | Reached skill level 1 in Evocations
 31895 | Snake:3  | Slain by a mana viper

Vault maps used:
D:1:      dpeg_arrival_another_circle
D:2:      first_bread
D:3:      lemuel_blue_sif_altar
D:5:      grunt_dithmenos_smoke_and_mirrors, gammafunk_temple_overflow_statue,
          minmay_temple_entry_junction2, minmay_stone_trees_small, uniq_sigmund
D:6:      minmay_misc_feat_rows, minmay_strange_pillars, small_statue_alley_b,
          makhleb_heckhound_becter, uniq_pikel, uniq_prince_ribbit1,
          uniq_menkaure
D:7:      overflow_temple_1_default, tgw_trog, serial_shops,
          nicolae_shop_overgrown_old_shop, kennysheep_generic_room_8
D:8:      blue_anna_alchemist
D:9:      fedhas_altar_1, uniq_joseph
D:11:     david_lair_generic, hiddenorc2_lemuel, enter_trove_1
Lair:1:   beast_lair_carwin_2
Lair:2:   uniq_erica
Lair:3:   dummy_snake_entry, grunt_megastairs_2
Lair:4:   nicolae_quartered_pool_super
Lair:5:   minmay_shoals_entry_centaurs, special_room, serial_bayou_pond_e
Lair:7:   slime_altar_1, ice2_lemuel, uniq_josephine
Lair:8:   wormcave, portal_ice_cave_entry_ice_beasts, roderic_batcave
Snake:1:  serial_bayou_shore_b, grunt_megastairs_5
Snake:2:  nrook_guardian_serpent_ordinary
Snake:3:  serial_shops, shop, shop, nicolae_shop_statue_plus,
          nicolae_shop_waterfront, shop, serial_bayou_lagoon_b,
          serial_bayou_shore_a
Snake:4:  minmay_snake_end_coiled
Abyss:1:  evilmike_abyss_exit_vortex
IceCv:    ice_cave_small_dragons

Action                   |  1- 3 |  4- 6 |  7- 9 | 10-12 | 13-15 | 16-18 || total
-------------------------+-------+-------+-------+-------+-------+-------++-------
Melee: Hand axe          |   117 |   213 |   329 |   630 |  1393 |   289 ||  2971
       Flail             |       |       |       |     7 |       |       ||     7
       Broad axe         |       |       |       |       |    39 |       ||    39
Throw: Tomahawk          |       |       |    11 |     2 |       |       ||    13
Invok: Depart the Abyss  |     1 |       |       |       |       |       ||     1
       Bend Space        |       |     1 |       |       |       |       ||     1
       Banish            |       |       |       |       |     2 |       ||     2
 Abil: Evoke Berserk Rag |       |       |       |       |     5 |     3 ||     8
  Use: Potion            |       |     5 |       |       |    22 |     3 ||    30
       Scroll            |       |     4 |     4 |    14 |    17 |    10 ||    49
  Eat: Chunk             |     1 |     3 |       |     1 |     2 |       ||     7
       Bread ration      |       |     1 |     5 |     1 |     3 |     1 ||    11
       Fruit             |       |       |       |    26 |       |       ||    26
       Royal jelly       |       |       |       |       |    17 |       ||    17
       Beef jerky        |       |       |       |       |     2 |     5 ||     7
       Pizza             |       |       |       |       |     1 |       ||     1
